 Dungeon Crawl Stone Soup version 0.30-a0-793-g160f7cfddd (webtiles) character file.

Game seed: 17527839678351972343

2947 kingofthe the Nimble (level 9, 0/45 HPs)
             Began as a Deep Elf Conjurer on Feb 20, 2023.
             Slain by a wraith (7 damage)
             ... on level 9 of the Dungeon.
             The game lasted 00:21:21 (9266 turns).

kingofthe the Nimble (Deep Elf Conjurer)            Turns: 9266, Time: 00:21:22

Health: 0/45       AC:  5    Str:  3 (4)  XL:     9   Next: 51%
Magic:  22/22      EV: 15    Int: 22 (24) God:
Gold:   204        SH:  0    Dex: 14 (17) Spells: 9/23 levels left

rFire   + + +      SeeInvis .    o - +2 rapier (elec)
rCold   . . .      Faith    .    (no shield)
rNeg    . . .      Spirit   .    C - +1 robe {rC+ rF+}
rPois   .          Reflect  .    G - +1 hat
rElec   .          Harm     .    (no cloak)
rCorr   .          Rampage  .    x - +0 pair of gloves
Will    .....                    (no boots)
Stlth   +++                      (no amulet)
HPRegen 0.27/turn                f - ring of protection from fire
MPRegen 0.18/turn                F - ring of fire

@: on berserk cooldown
A: no striking features
a: no special abilities


You were on level 9 of the Dungeon.
You visited 2 branches of the dungeon, and saw 10 of its levels.

You collected 600 gold pieces.
You spent 396 gold pieces at shops.


   Skills:
 + Level 8.1 Dodging
 - Level 6.0 Stealth
 + Level 7.5 Spellcasting
 + Level 7.3 Conjurations
 - Level 5.5 Hexes
 * Level 5.3 Fire Magic
 * Level 3.7 Poison Magic


You had 9 spell levels left.
You knew the following spells:

 Your Spells              Type           Power      Damage    Failure   Level
a - Magic Dart            Conj           100%       1d8       1%          1
b - Searing Ray           Conj           80%        2d7       1%          2
c - Mephitic Cloud        Conj/Pois/Air  24%        N/A       4%          3
d - Fulminant Prism       Conj/Hex       18%        3d10      5%          4
y - Sticky Flame          Conj/Fire      53%        2d7       5%          4

Your spell library contained the following spells:

 Spells                   Type           Power      Damage    Failure   Level
 Dazzling Flash           Conj/Hex       72%        N/A       1%          3
 Ignite Poison            Fire/Tmut/Pois 32%        N/A       7%          3
 Necrotise                Necr           32%        1d5       8%          1
 Call Imp                 Summ           8%         N/A       12%         2
 Iskenderun's Mystic Bla  Conj/Tloc      24%        2d7       17%         4
 Vampiric Draining        Necr           8%         2d6       24%         3
 Agony                    Necr           8%         N/A       91%         5
 Malign Gateway           Summ/Tloc      4%         N/A       100%        7
 Ignition                 Fire           23%        3d8       100%        8
 Summon Horrible Things   Summ           4%         N/A       100%        8

Inventory:

Hand Weapons
 n - a +0 dagger of venom
 o - a +2 rapier of electrocution (weapon)
 w - a +2 spear of freezing
 D - a +5 hand axe of freezing
 H - a +2 hand axe of flaming
Armour
 e - a +0 helmet
 x - a +0 pair of gloves (worn)
 C - a +1 robe of resistance (worn)
 E - a +0 buckler
 G - a +1 hat (worn)
Jewellery
 f - a ring of protection from fire (left hand)
 B - an amulet of faith {!P!P}
 F - a ring of fire (right hand)
Wands
 m - a wand of digging (2)
 t - a wand of mindburst (28)
 v - a wand of flame (34)
 y - a wand of roots (14)
Scrolls
 c - 3 scrolls of enchant armour {unknown}
 i - 2 scrolls of fear {unknown}
 j - 4 scrolls of identify {unknown}
 k - a scroll of torment {unknown}
 l - 3 scrolls of acquirement {unknown}
 p - a scroll of noise {unknown}
 r - a scroll of amnesia {unknown}
 u - 6 scrolls of magic mapping {unknown}
 I - 2 scrolls of vulnerability {unknown}
 J - a scroll of brand weapon {unknown}
Potions
 a - a potion of might {unknown}
 d - 3 potions of brilliance
 g - a potion of ambrosia {unknown}
 h - 3 potions of curing {@q1@q1}
 q - 2 potions of berserk rage {!q!q}
 s - a potion of invisibility {unknown}
 z - 2 potions of haste {unknown}
 A - a potion of lignification {unknown}
 K - a potion of attraction {unknown}
 L - a potion of degeneration
 M - a potion of cancellation

Dungeon Overview and Level Annotations

Branches:
Dungeon (9/15)             Temple (1/1) D:6
   Lair: D:8-11         Orc: D:9-12

Altars:
Ashenzari
Cheibriados
Dithmenos
Elyvilon
Fedhas
Gozag
Hepliaklqana
Kikubaaqudgha
Makhleb
Okawaru
Qazlal
Ru
Trog
Uskayaw
Vehumet
Wu Jian
Xom
Yredelemnul
Zin
The Shining One

Shops:
D:4 :

Annotations:
D:4 3 runed translucent doors, porpoise's ghost, novice GnEn
D:5 Menkaure

.........# .#........#
..........# #........#
##........# #.........#
..........# #......@..#
#.###..W..# ##.# #.....#
#..###..$..# #.#........#
###y..#.###########
..#####...###.# ##...##
..............# ##.....##
.......<....#######.......#


You could see a wraith.


Message History

You feel a surge of power!
The sticky flame hits the wraith.
The wraith is heavily damaged.
The wraith hits you.
* * * LOW HITPOINT WARNING * * *
You take 1 damage, and have 6/45 hp.
You now have 7/22 mp.
Casting: Sticky Flame (dangerous; 5% risk of failure)
Confirm with . or Enter, or press ? or * to list all spells.
Aiming: Sticky Flame (dangerous; 5% risk of failure)
Press: ? - help, Shift-Dir - straight line, f/p - wraith
Aim: a wraith (heavily damaged, unstickable)
You feel a surge of power!
The sticky flame hits the wraith but does no damage.
The wraith is heavily damaged.
The wraith hits you but does no damage.
You now have 4/22 mp.
Casting: Sticky Flame (dangerous; 5% risk of failure)
Confirm with . or Enter, or press ? or * to list all spells.
Aiming: Sticky Flame (dangerous; 5% risk of failure)
Press: ? - help, Shift-Dir - straight line, f/p - wraith
Aim: a wraith (heavily damaged, unstickable)
You feel a surge of power!
The sticky flame hits the wraith.
The wraith is severely damaged.
The wraith hits you but does no damage.
You now have 0/22 mp.
Casting: Sticky Flame (dangerous; 5% risk of failure)
Confirm with . or Enter, or press ? or * to list all spells.
You don't have enough magic to cast this spell.
Unknown command.
Magic courses through your body. The wraith hits you!
You die...

Skill      XL: |  1  2  3  4  5  6  7  8  9 |
---------------+----------------------------+-----
Spellcasting   | 4 5 6 7 |  7.5
Dodging        | 3 4 5 6 7 8 |  8.1
Stealth        | 3 4 5 6 |  6.0
Conjurations   | 5 6 7 |  7.3
Hexes          | 1 3 4 5 |  5.5
Fire Magic     | 1 4 5 |  5.3
Poison Magic   | 1 3 |  3.7

Action                     |  1- 3 |  4- 6 |  7- 9 || total
---------------------------+-------+-------+-------++-------
  Melee: Rapier            |       |       |    15 ||    15
         Punch             |       |       |     1 ||     1
   Cast: Magic Dart        |    46 |    79 |    61 ||   186
         Searing Ray       |     3 |    26 |    51 ||    80
         Sticky Flame      |       |       |    12 ||    12
         Mephitic Cloud    |       |       |     4 ||     4
         Fulminant Prism   |       |       |     2 ||     2
    Use: Potion            |       |       |     6 ||     6
 Armour: Robe              |     1 |     3 |    11 ||    15
  Dodge: Dodged            |     3 |     4 |    56 ||    63

Levels and vault maps discovered:
D:1:      spicycebolla_green_bress_n_ham, layout_basic
D:2:      layout_basic
D:3:      layout_loops_ring
D:4:      layout_loops_ring, serial_shops, shop_statue,
          gammafunk_ghost_nasty_kobolds, minmay_cupped
D:5:      layout_cave_pools, minivault_5, uniq_menkaure
D:6:      layout_basic, minmay_temple_entry_enclosed_plants,
          serial_co_window_serial, co_window_of_opportunity_a,
          co_window_corner_a, co_window_paths_a, co_window_paths_a,
          co_window_paths_b, co_window_broadway_c, co_window_corner_b,
          co_window_unsneaky_path_c
D:7:      layout_basic, st_stairs_7
D:8:      layout_rooms
D:9:      layout_rooms, nemelex_spade_bored_becter, lair_entry_dummy
Temple:   nicolae_temple_bog_church

Notes
Turn   | Place    | Note
-------+----------+-------------------------------------------
     0 | D:1      | kingofthe the Deep Elf Conjurer began the quest for the
                  | Orb.
     0 | D:1      | Reached XP level 1. HP: 10/10 MP: 6/6
   245 | D:1      | Reached skill level 4 in Spellcasting
   245 | D:1      | Reached XP level 2. HP: 15/15 MP: 5/9
   399 | D:1      | Learned a level 2 spell: Searing Ray
  1025 | D:2      | Reached XP level 3. HP: 19/19 MP: 6/10
  1030 | D:2      | Reached skill level 3 in Dodging
  1103 | D:2      | Reached skill level 3 in Stealth
  1498 | D:2      | Reached XP level 4. HP: 24/24 MP: 8/12
  1888 | D:2      | Reached skill level 5 in Conjurations
  2892 | D:4      | Reached XP level 5. HP: 27/28 MP: 7/13
  2893 | D:4      | Reached skill level 4 in Dodging
  3075 | D:4      | Learned a level 4 spell: Fulminant Prism
  3225 | D:4      | Reached skill level 1 in Hexes
  3320 | D:4      | Noticed an ogre
  3325 | D:4      | Killed an ogre
  3326 | D:4      | Reached skill level 4 in Stealth
  3326 | D:4      | Reached skill level 5 in Spellcasting
  3326 | D:4      | Reached XP level 6. HP: 32/32 MP: 8/15
  3486 | D:4      | Learned a level 3 spell: Mephitic Cloud
  3648 | D:4      | Reached skill level 5 in Dodging
  3648 | D:4      | Reached skill level 2 in Hexes
  3788 | D:4      | Found a runed translucent gate.
  3788 | D:4      | Found a runed translucent gate.
  3791 | D:4      | Found a runed translucent gate.
  3793 | D:4      | Noticed porpoise's ghost (novice GnEn)
  3850 | D:4      | Found Nudek's Book Boutique.
  4108 | D:5      | Entered Level 5 of the Dungeon
  4264 | D:5      | Identified a +1 robe of resistance
  4272 | D:5      | Reached skill level 3 in Hexes
  4392 | D:5      | Reached XP level 7. HP: 36/36 MP: 7/17
  4669 | D:5      | Reached skill level 6 in Conjurations
  4802 | D:5      | Reached skill level 4 in Hexes
  4849 | D:5      | Reached skill level 6 in Dodging
  4849 | D:5      | Reached skill level 5 in Stealth
  5330 | D:5      | Noticed Menkaure
  5415 | D:4      | Bought an Everburning Encyclopedia for 396 gold pieces
  5420 | D:4      | Learned a level 4 spell: Sticky Flame
  5497 | D:6      | Reached skill level 6 in Spellcasting
  5720 | D:6      | Reached skill level 1 in Fire Magic
  5720 | D:6      | Reached XP level 8. HP: 41/41 MP: 13/19
  6064 | D:6      | Reached skill level 5 in Hexes
  6064 | D:6      | Reached skill level 2 in Fire Magic
  6275 | D:6      | Reached skill level 7 in Dodging
  6745 | D:6      | Reached skill level 3 in Fire Magic
  6922 | D:6      | Found a staircase to the Ecumenical Temple.
  6928 | Temple   | Entered the Ecumenical Temple
  7312 | D:7      | Reached skill level 6 in Stealth
  7814 | D:7      | Reached skill level 1 in Poison Magic
  8087 | D:8      | Reached skill level 7 in Spellcasting
  8087 | D:8      | Reached skill level 4 in Fire Magic
  8087 | D:8      | Reached XP level 9. HP: 45/45 MP: 6/21
  8267 | D:8      | Reached skill level 2 in Poison Magic
  8366 | D:8      | Reached skill level 7 in Conjurations
  9088 | D:9      | Reached skill level 3 in Poison Magic
  9193 | D:9      | Reached skill level 8 in Dodging
  9193 | D:9      | Reached skill level 5 in Fire Magic
  9259 | D:9      | HP: 3/45 [wraith (9)]
  9266 | D:9      | Slain by a wraith

Vanquished Creatures
  A hornet (D:9)
  2 wyverns (D:9)
  3 water moccasins
  An ice beast (D:6)
  An orc warrior (D:7)
  3 ogres
  A black bear (D:6)
  A centaur (D:9)
  A phantom (D:4)
  A gnoll sergeant (D:6)
  5 bullfrogs
  3 scorpions
  A hound (D:5)
  A jelly (D:8)
  3 orc priests
  A gnoll bouda (D:8)
  5 iguanas
  8 orc wizards
  20 gnolls
  9 adders
  A shadow imp (D:5)
  2 ufetubi (D:6)
  A worm (D:2)
  A dart slug (D:1)
  25 orcs
  7 bats
  3 endoplasms
  10 goblins
  4 hobgoblins
  6 kobolds
  5 quokkas
  6 ball pythons
  2 frilled lizards
  3 rats
147 creatures vanquished.

Vanquished Creatures (others)
  2 fulminant prisms (D:9)
2 creatures vanquished.

Grand Total: 149 creatures vanquished

Table legend: (Time is in decaauts)
 A = Elapsed time spent in this place.
 B = Non-inter-level travel time spent in this place.
 C = Inter-level travel time spent in this place.
 D = Time resting spent in this place.
 E = Time spent auto-exploring this place.
 F = Levels seen in this place.
 G = Mean time per level.
                   A        B        C        D        E       F      G
               +--------+--------+--------+--------+--------+-----+--------+
         Total |   9287 |   8930 |    357 |   1119 |   6795 |  10 |  928.7 |
       Dungeon |   9097 |   8759 |    338 |   1119 |   6641 |   9 | 1010.8 |
        Temple |    190 |    172 |     18 |      0 |    154 |   1 |  190.0 |
               +--------+--------+--------+--------+--------+-----+--------+

Top non-repeatable levels by time:
     D:5: 1425 daAuts
     D:6: 1361 daAuts
     D:4: 1278 daAuts
     D:2: 1142 daAuts
     D:7: 1055 daAuts
     D:1: 1014 daAuts
     D:8: 899 daAuts
     D:3: 729 daAuts
     D:9: 190 daAuts
  Temple: 190 daAuts

Table legend:
 A = Non-vault XP
 B = Vault XP
 C = Vault XP percentage of total XP
 D = Non-vault monster count
 E = Vault monster count
 F = Vault count percentage of total count
                 A         B        C        D         E       F
            +---------+---------+-------+---------+---------+-------
      Total |    4203 |       7 |   0.2 |     144 |       3 |   2.0
            +---------+---------+-------+---------+---------+-------
        D:1 |      31 |       0 |   0.0 |      18 |       0 |   0.0
        D:2 |     121 |       0 |   0.0 |      22 |       0 |   0.0
        D:3 |      43 |       0 |   0.0 |      11 |       0 |   0.0
        D:4 |     444 |       4 |   0.9 |      22 |       2 |   8.3
        D:5 |     657 |       0 |   0.0 |      14 |       0 |   0.0
        D:6 |     957 |       0 |   0.0 |      25 |       0 |   0.0
        D:7 |     581 |       3 |   0.5 |       9 |       1 |  10.0
        D:8 |     570 |       0 |   0.0 |      18 |       0 |   0.0
        D:9 |     799 |       0 |   0.0 |       5 |       0 |   0.0
            +---------+---------+-------+---------+---------+-------
